[Event "Masters Tournament (MTO)"]
[Site "Biel, Switzerland"]
[Date "2026.07.23"]
[Round "10.25"]
[White "Aryan, Goyal"]
[Black "Rappazzo, Johannes"]
[Result "1/2-1/2"]
[TimeControl "100+30+30sec/move"]
[WhiteTitle "-"]
[BlackTitle "-"]
[WhiteFideId "366108825"]
[BlackFideId "1340069"]
[WhiteElo "2029"]
[BlackElo "2268"]

1. e4 c5 2. Nf3 d6 3. d4 cxd4 4. Nxd4 Nf6 5. Nc3 a6 6. f4 e5 7. Nb3 Nc6 8. f5 Be7 9. Be3 a5 10.
a3 a4 11. Nc1 Qa5 12. Qd2 O-O 13. Be2 Nd4 14. Bxd4 exd4 15. Qxd4 Bd8 16. Nd3 Bb6 17. Qb4 Bd7 18. O-O-O Rfe8 19.
Bf3 Qa6 20. Rhe1 Ba5 21. Qd4 Bb6 22. Qb4 Rac8 23. e5 dxe5 24. Nxe5 Ba5 25. Qxb7 Qxb7 26. Bxb7 Rc7 27. Nxd7 Rxe1 28.
Nxf6+ gxf6 29. Rxe1 Bxc3 30. bxc3 Rxb7 31. Re4 Ra7 32. Kd2 Ra5 33. g4 Kg7 34. Kd3 h5 35. h3 Kh6 36. c4 Kg5 37.
c5 Rxc5 38. Rxa4 Kh4 39. gxh5+ Kxh3 40. Rf4 Kg3 41. Rf1 Kg2 42. Rf4 Kg3 43. Rf1 Kg2 44. Rf4 Kg3 45. Ke4 1/2-1/2

[Event "Masters Tournament (MTO)"]
[Site "Biel, Switzerland"]
[Date "2026.07.23"]
[Round "10.26"]
[White "Udelnov, Valentin"]
[Black "Al Ibrahim, Abdulrahman"]
[Result "1-0"]
[TimeControl "100+30+30sec/move"]
[WhiteTitle "-"]
[BlackTitle "-"]
[WhiteFideId "16265734"]
[BlackFideId "10300503"]
[WhiteElo "2269"]
[BlackElo "2016"]

1. e4 c6 2. d4 d5 3. e5 c5 4. dxc5 e6 5. a3 Bxc5 6. Qg4 Ne7 7. Nf3 O-O 8. Bd3 f5 9. exf6 Rxf6 10.
Qh5 h6 11. O-O Bd6 12. Bd2 Nbc6 13. Bc3 e5 14. Nxe5 d4 15. Nxc6 Nxc6 16. Bb4 Nxb4 17. axb4 Bxb4 18. Na3 Be6 19.
Nb5 a6 20. Ra4 a5 21. Rd1 Qd7 22. Qe5 Raf8 23. f3 b6 24. Kh1 Bc5 25. b3 Re8 26. Nc7 Bd6 27. Qxd6 Qxd6 28. Nxe8 Qe5 29.
Nxf6+ gxf6 30. Rxd4 Kg7 31. Re4 Qd6 32. Be2 Qc6 33. c4 Bf5 34. Re7+ Kg6 35. Rd5 Bc2 36. f4 f5 37. Red7 1-0

[Event "Masters Tournament (MTO)"]
[Site "Biel, Switzerland"]
[Date "2026.07.23"]
[Round "10.27"]
[White "Arndt, Uwe"]
[Black "Angst, Oliver"]
[Result "1-0"]
[TimeControl "100+30+30sec/move"]
[WhiteTitle "-"]
[BlackTitle "-"]
[WhiteFideId "24647713"]
[BlackFideId "1334069"]
[WhiteElo "2005"]
[BlackElo "2121"]

1. d4 d5 2. c4 c6 3. cxd5 cxd5 4. Nc3 Nf6 5. Nf3 Nc6 6. Bf4 a6 7. Rc1 Bg4 8. Ne5 Nxe5 9. dxe5 d4 10.
exf6 dxc3 11. Qxd8+ Rxd8 12. Rxc3 exf6 13. a3 g5 14. Bd2 Bd6 15. Re3+ Be6 16. Bc3 Ke7 17. g3 Bc5 18. Rf3 Bd4 19. Bg2 Rd7 20. Rd3 Bxc3+ 21. Rxc3 Rhd8 22. O-O b5 23. Re1 Rd1 24. Kf1 R8d2 25. b4 Bc4 26. Re3+ Kf8 27. Bb7 f5 28. f3 f4 29. gxf4 gxf4 30.
Re4 Rxe1+ 31. Kxe1 Ra2 32. Bxa6 Rxa3 33. Bb7 Ra2 34. Kf2 Kg7 35. Bc6 Rb2 36. Bd7 Kg6 37. Be8 Kg5 38. Bxb5 Be6 39.
Bd3 Bh3 40. b5 f6 41. Re7 Bf5 42. Bxf5 Kxf5 43. Rxh7 Rb1 44. Rh5+ Kg6 45. Rc5 Rh1 46. h4 Rxh4 47. Kg2 Rh7 48.
b6 Re7 49. Kf2 Rb7 50. Rb5 Kf7 51. Ke1 Ke6 52. Kd2 Kd6 53. Kd3 Kc6 54. Kc4 Kd6 55. Rd5+ Ke6 56. Rb5 Kd6 57. Kb4 Rb8 58.
b7 Kc6 59. Kc4 Kd6 60. Rb6+ Kc7 61. Kc5 f5 62. Kb5 1-0

[Event "Masters Tournament (MTO)"]
[Site "Biel, Switzerland"]
[Date "2026.07.23"]
[Round "10.28"]
[White "Von Burg, Carl Alexander"]
[Black "Malli, Suvirr"]
[Result "0-1"]
[TimeControl "100+30+30sec/move"]
[WhiteTitle "-"]
[BlackTitle "-"]
[WhiteFideId "1352458"]
[BlackFideId "1341855"]
[WhiteElo "1947"]
[BlackElo "2120"]

1. d4 Nf6 2. c4 e6 3. g3 c5 4. Nf3 cxd4 5. Nxd4 d5 6. Bg2 e5 7. Nf3 d4 8. O-O Nc6 9. e3 Be7 10.
b3 Bg4 11. h3 Bh5 12. g4 Bg6 13. Bb2 dxe3 14. Qxd8+ Rxd8 15. fxe3 Nb4 16. Ne1 Bc5 17. Bxe5 Bxe3+ 18. Kh2 h5 19. gxh5 Rxh5 20. Bxf6 gxf6 21.
Nc3 Bd4 22. Rc1 Be5+ 23. Kg1 Nd3 24. Nxd3 Rxd3 25. Nd5 Rg5 26. Nxf6+ Bxf6 27. Rxf6 Rxh3 28. Re1+ Kf8 29. Re5 Rg4 30.
Rf4 Rxf4 31. Bxh3 Rd4 32. Bg2 b6 33. c5 Rd1+ 34. Kf2 bxc5 35. Rxc5 Rd2+ 36. Kg3 Rxa2 37. Bd5 Ra3 38. Kf4 Ra1 39.
Ke5 Kg7 40. Rc7 Ra5 41. Kd4 Kf6 42. Bc4 Ra1 43. Rb7 Bh5 44. Rc7 Kg7 45. Rb7 Kf8 46. Rb8+ Ke7 47. Rb7+ Ke8 48. Rb8+ Kd7 49.
Rb7+ Kc8 50. Re7 Kd8 51.
Rb7 f6 52. Ke4 Ra5 53. Kd4 Be8 54.
Rg7 Bd7 55. Bd5 Ra1 56. Kc5 Ra5+ 57. Kd4 Ra6 58. Kc5 Kc7 59. Be4 Ra5+ 60. Kd4 Rb5 61. Bd5 Kd6 62. Bc4 Rf5 63. Rf7 a5 64.
Bd3 Rd5+ 65. Ke3 Ke6 66. Rf8 Bb5 67. Bg6 Ke5 68. Ra8 Bd7 69. Bd3 f5 70. Bc4 f4+ 71. Ke2 Rc5 72. Bf7 f3+ 73.
Ke3 Bc6 74. Ra7 Kd6 75. Bc4 Re5+ 76. Kf2 Rh5 77. Ke3 Rf5 78. Kf2 Re5 79. Kg3 Rg5+ 80. Kf4 Rc5 81. Ke3 a4 82. Rf7 axb3 83.
Bd3 b2 84. Kd2 Rd5 0-1

[Event "Masters Tournament (MTO)"]
[Site "Biel, Switzerland"]
[Date "2026.07.23"]
[Round "10.29"]
[White "Joly, Fabrice"]
[Black "Papaux, Jeremie"]
[Result "0-1"]
[TimeControl "100+30+30sec/move"]
[WhiteTitle "-"]
[BlackTitle "-"]
[WhiteFideId "612235"]
[BlackFideId "1340867"]
[WhiteElo "1907"]
[BlackElo "2102"]

1. d4 d5 2. Nf3 Nf6 3. c4 e6 4. g3 Be7 5. Bg2 O-O 6. O-O dxc4 7. Ne5 Nc6 8. Nxc6 bxc6 9. b3 cxb3 10.
axb3 Nd5 11. Bb2 Bb7 12. Qc1 Bb4 13. Na3 Qe7 14. Nc4 a5 15. Ne5 c5 16. Nd3 cxd4 17. Nxb4 axb4 18. Bxd4 Rxa1 19.
Qxa1 Ra8 20. Qb2 f6 21. Rc1 Qd7 22. e4 Ne7 23. Bc5 Nc6 24. e5 fxe5 25. Bxb4 Nd4 26. Bxb7 Rb8 27. Ra1 Qb5 28.
Bc3 Ne2+ 29. Kg2 Qxb7+ 30. Kf1 Nd4 31. Bxd4 exd4 32. Qxd4 Qxb3 33. Rc1 Qf3 34. Qc4 Rf8 35. Rc2 Kh8 36.
Kg1 Rd8 37. Rc1 Rd1+ 38. Rxd1 Qxd1+ 39. Qf1 Qxf1+ 40. Kxf1 Kg8 0-1

[Event "Masters Tournament (MTO)"]
[Site "Biel, Switzerland"]
[Date "2026.07.23"]
[Round "10.30"]
[White "Berezovskii, Arina"]
[Black "Bucher, Dominic"]
[Result "0-1"]
[TimeControl "100+30+30sec/move"]
[WhiteTitle "-"]
[BlackTitle "-"]
[WhiteFideId "34449850"]
[BlackFideId "1353144"]
[WhiteElo "1906"]
[BlackElo "2078"]

1. e4 e6 2. d4 d5 3. Nd2 c5 4. exd5 Qxd5 5. Ngf3 Nf6 6. Bc4 Qd8 7. O-O Nc6 8. Nb3 cxd4 9. Nfxd4 Bd7 10. Bf4 Be7 11. Re1 O-O 12. Nb5 a6 13. Nd6 Qb6 14. Qe2 Rad8 15.
Ne4 Nxe4 16. Qxe4 Nb4 17. c3 Bc6 18. Qe2 Nd5 19. Be5 Bd6 20. Qg4 Bxe5 21. Rxe5 Nf6 22. Qf4 Bd5 23. Bxd5 Rxd5 24.
Rxd5 Nxd5 25. Qd4 Qxd4 26. Nxd4 Rd8 27. g3 Nb6 28. a4 e5 29. Nf3 f6 30. Kg2 Rd3 31. Ra3 Nc4 32. Ra2 e4 33.
Nd4 Rd2 34. Nb3 Ne3+ 35. Kh3 Rxf2 36. Nc5 f5 37. Nxb7 g5 38. Nd6 h6 39. Nxf5 Rxf5 40. b4 g4+ 41. Kh4 Rg5 42. Rf2 Nf5+ 43.
Rxf5 Rxf5 44. Kxg4 Rf7 45. b5 e3 46. bxa6 e2 47. a7 Rxa7 0-1

[Event "Masters Tournament (MTO)"]
[Site "Biel, Switzerland"]
[Date "2026.07.23"]
[Round "10.31"]
[White "Gerrits, Augustin"]
[Black "Tkhoruk, Roman"]
[Result "1/2-1/2"]
[TimeControl "100+30+30sec/move"]
[WhiteTitle "-"]
[BlackTitle "-"]
[WhiteFideId "285358"]
[BlackFideId "34161589"]
[WhiteElo "2072"]
[BlackElo "1967"]

1. e4 c6 2. d4 d5 3. Nc3 dxe4 4. Nxe4 Nf6 5. Nxf6+ exf6 6. c3 Bd6 7. Bd3 O-O 8. Ne2 Re8 9.
O-O Qc7 10. Ng3 Nd7 11. Nf5 Nf8 12. Nxd6 Qxd6 13. Be3 Ng6 14. Qf3 Bd7 15. Rfe1 Re7 16. Qg3 Qxg3 17. hxg3 Rae8 18. Kf1 f5 19. c4 f6 20. a4 Nf8 21. b4 g5 22. b5 Ng6 23.
bxc6 bxc6 24. Bd2 Rxe1+ 25. Rxe1 Rxe1+ 26. Kxe1 Kf7 27. Bb4 f4 28. Bc5 a6 29. Kd2 fxg3 30. fxg3 h5 31. Kc3 h4 32.
Bxg6+ Kxg6 33. gxh4 gxh4 34. a5 h3 35. gxh3 Bxh3 36. Kb4 Bf1 37. Bd6 Kf5 38. Kc5 Ke6 39. Bh2 Kd7 40. Bf4 Be2 41.
d5 cxd5 42. Kxd5 Bf1 43. Bg3 Be2 44. Bh2 Bf1 45. Bf4 Be2 46. Bh6 f5 47. Bf4 Bf1 48. Bh2 Be2 49. Bf4 Bf1 50. Bh2 Be2 51. Bf4 1/2-1/2

[Event "Masters Tournament (MTO)"]
[Site "Biel, Switzerland"]
[Date "2026.07.23"]
[Round "10.32"]
[White "Carey, Michael"]
[Black "Gireada, Daniel"]
[Result "1-0"]
[TimeControl "100+30+30sec/move"]
[WhiteTitle "-"]
[BlackTitle "-"]
[WhiteFideId "30923760"]
[BlackFideId "1206451"]
[WhiteElo "1946"]
[BlackElo "2255"]

1. e4 c6 2. d4 d5 3. exd5 cxd5 4. Bd3 Nf6 5. c3 Nc6 6. Bf4 Bg4 7. Qb3 Qd7 8. Nd2 e6 9. Ngf3 Bd6 10.
Bxd6 Qxd6 11. O-O O-O 12. Rae1 Qc7 13. Ne5 Bh5 14. f4 Bg6 15. Bxg6 hxg6 16. Re3 a6 17. Qd1 Qb6 18. Rh3 Qxb2 19.
Qe1 Rfc8 20. Nxg6 Nh7 21. Qh4 fxg6 22. Qxh7+ Kf7 23. Nf3 Rh8 24. Ne5+ 1-0

[Event "Masters Tournament (MTO)"]
[Site "Biel, Switzerland"]
[Date "2026.07.23"]
[Round "10.33"]
[White "Lumsdon, Andrew"]
[Black "Scherler, Julius"]
[Result "0-1"]
[TimeControl "100+30+30sec/move"]
[WhiteTitle "-"]
[BlackTitle "-"]
[WhiteFideId "1308840"]
[BlackFideId "1337947"]
[WhiteElo "2033"]
[BlackElo "1941"]

1. e4 c6 2. f4 d5 3. e5 Bf5 4. d3 e6 5. Nf3 c5 6. Be2 Nc6 7. c3 Be7 8. O-O h5 9. h3 Nh6 10.
Na3 Qb6 11. Kh2 O-O-O 12. Nc2 f6 13. d4 Kb8 14. a3 Bxc2 15. Qxc2 cxd4 16. cxd4 Nxd4 17. Nxd4 Qxd4 18. Bxh5 fxe5 19.
fxe5 Rdf8 20. Rxf8+ Rxf8 21. Qc3 Qxc3 22. bxc3 Rf1 23. Bxh6 Rxa1 24. Bxg7 Kc7 25. Bf6 Kd7 26. g4 Rxa3 27. g5 Rxc3 28. g6 Bf8 29.
h4 a5 30. Bd1 b5 31. h5 a4 32. g7 Bxg7 33. Bxg7 a3 34. h6 a2 35. h7 a1=Q 36. h8=Q Qxd1 37. Qh6 Qc2+ 38. Kh1 Qb1+ 39.
Kg2 Qb2+ 0-1

[Event "Masters Tournament (MTO)"]
[Site "Biel, Switzerland"]
[Date "2026.07.23"]
[Round "10.34"]
[White "Oestmann, Lukas"]
[Black "Ruchat, Blaise"]
[Result "1-0"]
[TimeControl "100+30+30sec/move"]
[WhiteTitle "-"]
[BlackTitle "-"]
[WhiteFideId "1326457"]
[BlackFideId "1328921"]
[WhiteElo "1998"]
[BlackElo "1912"]

1. e4 e5 2. Nf3 Nc6 3. Bb5 a6 4. Ba4 Nf6 5. O-O Be7 6. Re1 b5 7. Bb3 d6 8. c3 O-O 9. h3 Na5 10.
Bc2 c5 11. d4 Nd7 12. Nbd2 exd4 13. cxd4 Nc6 14. d5 Nce5 15. Nxe5 Nxe5 16. f4 Ng6 17. Nf3 Bh4 18. Rf1 Bg3 19.
Ne1 Qh4 20. f5 Ne5 21. Nf3 Qh5 22. b3 Nxf3+ 23. Qxf3 Qxf3 24. gxf3 Be5 25. Rb1 Bd7 26. a4 Rab8 27. Bd2 Rb7 28.
Kg2 bxa4 29. bxa4 Rfb8 30. f4 Bd4 31. Ba5 Rb2 32. Kf3 Kf8 33. Bc7 Rxb1 34. Bxd6+ Ke8 35. Rxb1 Rxb1 36. Bxb1 Bxa4 37.
Bc7 Bb5 38. e5 Kd7 39. Bb8 Kc8 40. Bd6 a5 41. Ba2 c4 42. Ba3 Bc3 43. e6 fxe6 44. fxe6 Bb4 45. Bc1 Kc7 46. f5 Bd6 47.
Ke4 Be7 48. Kd4 Bf6+ 49. Kc5 Ba6 50. d6+ Kb7 51. e7 Kc8 52. e8=Q+ Kd7 1-0

[Event "Masters Tournament (MTO)"]
[Site "Biel, Switzerland"]
[Date "2026.07.23"]
[Round "10.35"]
[White "Di Candia, Roberto"]
[Black "Jelicic, Hugo"]
[Result "0-1"]
[TimeControl "100+30+30sec/move"]
[WhiteTitle "-"]
[BlackTitle "-"]
[WhiteFideId "856649"]
[BlackFideId "1349040"]
[WhiteElo "1988"]
[BlackElo "1907"]

1. c4 e6 2. Nf3 d5 3. g3 Nf6 4. Bg2 d4 5. a3 c5 6. b4 Bd6 7. O-O O-O 8. e3 Nc6 9. b5 Ne7 10.
exd4 cxd4 11. Bb2 e5 12. d3 Ng6 13. Nbd2 Bf5 14. Nb3 Rc8 15. Re1 Re8 16. Rc1 Nd7 17. Nfxd4 exd4 18. Rxe8+ Qxe8 19.
Nxd4 Be5 20. Bxb7 Bxd4 21. Bxd4 Rc7 22. Bc6 Qe7 23. f4 Nc5 24. Rc3 Ne6 25. Bf2 Nexf4 26. gxf4 Nxf4 27. Kh1 Qf6 28. Qf3 Nh3 29. Rc2 Re7 30. d4 Qg5 31. Ra2 Re1+ 32.
Re2 0-1

[Event "Masters Tournament (MTO)"]
[Site "Biel, Switzerland"]
[Date "2026.07.23"]
[Round "10.36"]
[White "Celis, Joel"]
[Black "Corbat, Philippe"]
[Result "1-0"]
[TimeControl "100+30+30sec/move"]
[WhiteTitle "-"]
[BlackTitle "-"]
[WhiteFideId "15400212"]
[BlackFideId "1304496"]
[WhiteElo "1981"]
[BlackElo "1893"]

1. e4 d5 2. exd5 Nf6 3. d4 Bg4 4. Nf3 Qxd5 5. Nc3 Qh5 6. Be2 Nc6 7. h3 O-O-O 8. Be3 e5 9. Rg1 exd4 10.
hxg4 Qa5 11. Nxd4 Nxd4 12. Bd3 Nc6 13. a3 Ne4 14. Qf3 Nxc3 15. Qf5+ Qxf5 16. Bxf5+ Kb8 17. bxc3 g6 18. Be4 Bg7 19.
Rb1 Bxc3+ 20. Ke2 Na5 21. Rh1 Rde8 22. Kf3 c6 23. Bd3 Kc7 24. Bxa7 b5 25. Be3 Nb7 26. g3 Be5 27. Rb4 Bd6 28.
Bf4 Ra8 29. Re4 Bxf4 30. Kxf4 Rad8 31. Rhe1 Nd6 32. Re7+ Rd7 33. Kg5 Kd8 34. Rxd7+ Kxd7 35. Kf6 Ra8 36. Re3 Ra4 37. f4 c5 38.
Be2 Rd4 39. Bf3 Rd2 40. Re7+ Kd8 41. Re2 Rd4 42. Re5 Ra4 43. Rd5 Ra6 44. Ke5 Ke7 45. Rxc5 Nc4+ 46. Kd4 Nd2 47. Bd5 Rxa3 48.
c3 Nf1 49. Rxb5 Nxg3 50. Rb7+ Kd6 51. Rb6+ Kc7 52. Rb7+ Kd6 53. Rb6+ Kc7 54. Rf6 h5 55. Rxf7+ Kd6 56. Rf6+ Ke7 57.
Re6+ Kd7 58. c4 hxg4 59. Rxg6 Ne2+ 60. Ke5 g3 61. Rg7+ Ke8 62. f5 Re3+ 63. Kd6 1-0

[Event "Masters Tournament (MTO)"]
[Site "Biel, Switzerland"]
[Date "2026.07.23"]
[Round "10.37"]
[White "Fattori Dittmar, Luca"]
[Black "Heitmann, Erik"]
[Result "1/2-1/2"]
[TimeControl "100+30+30sec/move"]
[WhiteTitle "-"]
[BlackTitle "-"]
[WhiteFideId "34678883"]
[BlackFideId "34608940"]
[WhiteElo "1840"]
[BlackElo "1949"]

1. e4 c5 2. Nf3 d6 3. Bb5+ Nd7 4. O-O a6 5. Bxd7+ Bxd7 6. d4 cxd4 7. Qxd4 Qc7 8. Nc3 e6 9.
Re1 Ne7 10. Bg5 Nc6 11. Qd2 h6 12. Be3 b5 13. Rad1 Na5 14. Qd4 Nc4 15. Bc1 b4 16. Ne2 e5 17. Qd5 Rc8 18. c3 Be6 19.
Qd3 bxc3 20. Nxc3 Qc6 21. b3 Na5 22. Bd2 Nb7 23. Rc1 Nc5 24. Qe2 Qb7 25. Nd5 Bxd5 26. exd5 Be7 27. b4 Nd7 28. Rxc8+ Qxc8 29. Rc1 Qb7 30. Qc4 O-O 1/2-1/2

[Event "Masters Tournament (MTO)"]
[Site "Biel, Switzerland"]
[Date "2026.07.23"]
[Round "10.38"]
[White "Morrison, Joseph"]
[Black "Hajduk, Tomasz"]
[Result "0-1"]
[TimeControl "100+30+30sec/move"]
[WhiteTitle "-"]
[BlackTitle "-"]
[WhiteFideId "479535"]
[BlackFideId "21811415"]
[WhiteElo "2048"]
[BlackElo "1921"]

1. Nf3 d5 2. g3 e6 3. Bg2 Nf6 4. O-O Be7 5. c4 c6 6. Qc2 Nbd7 7. d3 O-O 8. e4 dxe4 9. dxe4 e5 10.
Rd1 Qc7 11. a3 Nc5 12. Nc3 a5 13. Rb1 Bg4 14. Be3 Rfd8 15. h3 Bh5 16. g4 Bg6 17. Nh4 Ne6 18. Nxg6 hxg6 19. Ne2 Bc5 20.
Bxc5 Nxc5 21. b4 axb4 22. axb4 Ne6 23. Qb2 c5 24. bxc5 Qxc5 25. Rdc1 Rd3 26. Qxb7 Ra2 27. Rb2 Rd2 28. Rxa2 Rxa2 29. Kf1 Nf4 0-1

[Event "Masters Tournament (MTO)"]
[Site "Biel, Switzerland"]
[Date "2026.07.23"]
[Round "10.39"]
[White "Stevens, Christian"]
[Black "Wenger, Arejou"]
[Result "1/2-1/2"]
[TimeControl "100+30+30sec/move"]
[WhiteTitle "-"]
[BlackTitle "-"]
[WhiteFideId "649090"]
[BlackFideId "1336584"]
[WhiteElo "2014"]
[BlackElo "1873"]

1. d3 e6 2. g3 c5 3. e4 d5 4. Nc3 Nc6 5. Bg2 d4 6. Nce2 Bd6 7. f4 Nge7 8. Nf3 O-O 9. O-O a6 10.
a4 Rb8 11. g4 f5 12. gxf5 exf5 13. e5 Bc7 14. c4 Ba5 15. Kh1 Qc7 16.
Rg1 Nd8 17. Ng3 Ne6 18. Nh4 Bd7 19. Bd5 Bc6 20. Qf3 Kh8 21. Rg2 Qd7 22. Bxc6 Qxc6 23. Qh5 g6 24. Qe2 Qc7 25. Nf3 b5 26.
axb5 axb5 27. b3 bxc4 28. bxc4 Bc3 29. Ra6 Nc6 30. Qd1 Rb1 31. Ne2 Qb7 32. Qa4 Nb4 33. Ra7 Qxf3 34. Qd7 Rxc1+ 35. Nxc1 Qf1+ 36. Rg1 Qf3+ 37. Rg2 Qf1+ 38. Rg1 Qf3+ 1/2-1/2

[Event "Masters Tournament (MTO)"]
[Site "Biel, Switzerland"]
[Date "2026.07.23"]
[Round "10.40"]
[White "Malli, Shiivesh Sunil"]
[Black "Vedant, Nayudu"]
[Result "1/2-1/2"]
[TimeControl "100+30+30sec/move"]
[WhiteTitle "-"]
[BlackTitle "-"]
[WhiteFideId "1340409"]
[BlackFideId "33369780"]
[WhiteElo "1994"]
[BlackElo "1797"]

1. c4 e6 2. Nc3 d5 3. cxd5 exd5 4. d4 Nf6 5. Nf3 Be7 6. Bf4 c6 7. e3 Nh5 8. Be5 Nd7 9. Bd3 Nxe5 10.
Nxe5 g6 11. a3 Bd6 12. Nf3 O-O 13. b4 a6 14. Rc1 Qe7 15. O-O a5 16. Na4 axb4 17. axb4 Bxb4 18. Nb6 Ra3 19. Nxc8 Rxc8 20.
Ra1 Rca8 21. Rxa3 Rxa3 22. Ne1 Bxe1 23. Rxe1 Qb4 24. Rf1 Qc3 25. Bb1 Ra1 26. Qg4 Qb2 27. Bd3 Rxf1+ 28. Kxf1 Qd2 29.
Be2 Nf6 30. Qc8+ Kg7 31. f3 Qxe3 32. Qxb7 Qxd4 33. Qxc6 Qe5 34. g3 h5 35. Qc5 h4 36. Kf2 Qf5 37. Qd4 Qh3 38. Qxh4 Qxh4 39.
gxh4 Nh5 40. Ke3 Kf6 41. Kd4 Nf4 42. Bb5 Ne6+ 43. Kxd5 Nc7+ 44. Kc6 Nxb5 45. Kxb5 Ke5 46. Kc4 Kf4 47.
Kd5 f5 48. Ke6 Kxf3 49. h5 gxh5 50. Kxf5 h4 51. h3 Kg3 52. Ke4 Kg2 53. Kf4 1/2-1/2

[Event "Masters Tournament (MTO)"]
[Site "Biel, Switzerland"]
[Date "2026.07.23"]
[Round "10.41"]
[White "Tan, Jimmy"]
[Black "Damen, Josephine"]
[Result "1-0"]
[TimeControl "100+30+30sec/move"]
[WhiteTitle "-"]
[BlackTitle "-"]
[WhiteFideId "129057499"]
[BlackFideId "1074369"]
[WhiteElo "1953"]
[BlackElo "1971"]

1. d4 Nf6 2. Bf4 g6 3. Nd2 Bg7 4.
e4 d6 5.
Ngf3 O-O 6. c3 Nbd7 7. h3 Re8 8. Bc4 e5 9. dxe5 dxe5 10. Be3 Re7 11. Qc2 c6 12. O-O Nh5 13. Rfd1 Nf4 14.
Bf1 Qc7 15. a4 Re8 16. Nc4 Bf8 17. g3 Ne6 18. b4 f6 19. Rd2 Nb6 20. Nb2 Kg7 21. a5 Nd7 22. Nc4 Nd8 23. Nh4 Nf7 24.
Rad1 Re6 25. Qb3 Nd6 26. Nxd6 Rxd6 27. Rxd6 Bxd6 28. Qe6 Bf8 29. Bc4 1-0

[Event "Masters Tournament (MTO)"]
[Site "Biel, Switzerland"]
[Date "2026.07.23"]
[Round "10.42"]
[White "Petry, Martin"]
[Black "Alsaleh, Eissa"]
[Result "1-0"]
[TimeControl "100+30+30sec/move"]
[WhiteTitle "-"]
[BlackTitle "-"]
[WhiteFideId "1352318"]
[BlackFideId "10312463"]
[WhiteElo "1999"]
[BlackElo "1908"]

1. Nf3 Nf6 2. g3 g6 3. Bg2 Bg7 4. O-O O-O 5. d4 d6 6. b3 c5 7. c4 Nc6 8. Bb2 Qc7 9. Nc3 a6 10.
d5 Na5 11. Qd3 Bf5 12. Qd2 Rab8 13. Nh4 Bd7 14. Nd1 b5 15. Bc3 b4 16. Bb2 Nb7 17. f4 h6 18. e4 a5 19. Nf2 a4 20.
Rae1 axb3 21. axb3 Ne8 22. e5 Na5 23. Qc2 g5 24. Nf3 gxf4 25. gxf4 Qc8 26. Nd2 e6 27. Qd3 exd5 28. Bxd5 Bc6 29.
Kh1 Qb7 30. Nfe4 Nc7 31. Nxd6 Nxd5 32. cxd5 Bxd5+ 33. Kg1 Qc6 34. Re3 Nxb3 35. Nf5 c4 36. Qc2 Kh8 37. Nxb3 cxb3 38. Qxc6 Bxc6 39.
Rg3 Rg8 40. Nxg7 Rxg7 41. e6 Rbg8 42. exf7 1-0

[Event "Masters Tournament (MTO)"]
[Site "Biel, Switzerland"]
[Date "2026.07.23"]
[Round "10.43"]
[White "Magnussen, Petur Gardar"]
[Black "Rosen, Noah"]
[Result "1-0"]
[TimeControl "100+30+30sec/move"]
[WhiteTitle "-"]
[BlackTitle "-"]
[WhiteFideId "7203802"]
[BlackFideId "1356267"]
[WhiteElo "1957"]
[BlackElo "1921"]

1. e4 e5 2. Nf3 Nc6 3. Bc4 Bc5 4. c3 Nf6 5. d3 O-O 6. Nbd2 d5 7. exd5 Nxd5 8. O-O Bg4 9. Ne4 Bb6 10. a4 a5 11. Re1 h6 12. Bxh6 Nxc3 13. bxc3 gxh6 14. h3 Bh5 15. Ng3 Bg6 16. Bb5 Re8 17. Qd2 Kh7 18. Bxc6 bxc6 19. Nxe5 Qh4 20. Kh2 Re6 21. f4 f5 22.
Nxg6 Rxg6 23. Nxf5 Qf6 24. Ng3 Rag8 25. Ne4 Qh4 26. Re2 Kh8 27. Rf1 h5 28. f5 R6g7 29. Qh6+ Rh7 30. Qf6+ Qxf6 31.
Nxf6 Rd8 32. Nxh7 Kxh7 33. d4 Kg7 34. f6+ Kf7 35. Re7+ Kf8 36. Rh7 Kg8 37. Rxh5 Rd7 38. f7+ Rxf7 39.
Rxf7 Kxf7 40. g4 c5 41. dxc5 Ba7 42. Kg3 Kg6 43. Rf5 c6 44. h4 Bb8+ 45. Kf3 Bh2 46. h5+ Kh6 47. Rf6+ Kg5 48.
Rg6+ Kh4 49. h6 Be5 50. h7 Kh3 51. Rh6 1-0